 Dungeon Sprint DCSS version 0.21-a0-278-ga722497 (webtiles) character file.

155 Kidiri the Thaumaturge (level 5, -3/28 HPs)
             Began as a Deep Elf Fire Elementalist on Sept 21, 2017.
             Was an Initiate of Vehumet.
             Killed from afar by a deep elf mage (23 damage)
             ... with an orb of energy
             ... in the Dungeon (Sprint III: "The Ten Rune Challenge").
             The game lasted 00:02:23 (423 turns).

Kidiri the Thaumaturge (Deep Elf Fire Elementalist)  Turns: 423, Time: 00:02:23

Health: -3/28      AC:  2    Str:  5    XL:     5   Next: 14%
Magic:  13/19      EV: 13    Int: 21    God:    Vehumet [......]
Gold:   15         SH:  0    Dex: 15    Spells: 3/24 levels left

rFire    . . .     SeeInvis +   j - +0 dagger
rCold    + + .     Gourm    .   (no shield)
rNeg     . . .     Faith    .   a - +0 robe
rPois    .         Spirit   .   (no helmet)
rElec    .         Reflect  .   (no cloak)
rCorr    .         Harm     .   (no gloves)
MR       .....     NoTele   +   (no boots)
Stlth    +.........             (no amulet)
HPRegen  0.09/turn              (no ring)
MPRegen  0.16/turn              (no ring)

@: confused
A: see invisible, blink, cold resistance 2
a: Blink, Renounce Religion


You were in the Dungeon.
You worshipped Vehumet.
Vehumet was noncommittal.
You were not hungry.

You visited 1 branch You collected 15 gold pieces.

Inventory:

Hand Weapons
 j - a +0 dagger (weapon)
Armour
 a - a +0 robe (worn)
Scrolls
 i - a scroll of blinking
 k - 2 scrolls of immolation {unknown}
 l - a scroll of remove curse {unknown}
 m - a scroll of identify {unknown}
 p - a scroll of holy word {unknown}
 q - a scroll of recharging {unknown}
Potions
 d - a potion of curing
 e - 2 potions of heal wounds
 f - a potion of haste
 g - 2 potions of magic
 h - a potion of berserk rage
 o - a potion of flight {unknown}
 s - a potion of mutation
Comestibles
 c - a bread ration
 n - a royal jelly
 r - a meat ration
 t - 7 chunks of flesh


   Skills:
 + Level 0.0 Fighting
 + Level 0.0 Short Blades
 + Level 0.0 Armour
 + Level 2.4 Dodging
 - Level 2.4 Stealth
 * Level 10.0 Spellcasting
 + Level 5.5 Conjurations
 + Level 6.6 Fire Magic
 + Level 0.0 Air Magic
 + Level 0.0 Poison Magic


You had 3 spell levels left.
You knew the following spells:

 Your Spells              Type           Power        Failure   Level  Hunger
a - Flame Tongue          Conj/Fire      #####        1%          1    None
b - Throw Flame           Conj/Fire      #####.       1%          2    None
c - Conjure Flame         Conj/Fire      #####...     1%          3    None
d - Inner Flame           Hex/Fire       ###.....     4%          3    None
e - Sticky Flame          Conj/Fire      #####...     5%          4    ##.....
f - Fireball              Conj/Fire      #####.....   14%         5    ####...
g - Mephitic Cloud        Conj/Pois/Air  ###.....     9%          3    None


Dungeon Overview and Level Annotations

Branches:
Dungeon (1/1)

Altars:
Elyvilon
Kikubaaqudgha
Sif Muna
Vehumet
Zin
The Shining One


Innate Abilities, Weirdness & Mutations

You have supernaturally acute eyesight. (SInv)
You can translocate small distances at will.
Your flesh is very cold resistant. (rC++)


Message History

You choke on the stench!
You are confused.
The deep elf mage burns!
Unknown command.
You bump into the stone wall.
You are engulfed in noxious fumes.
You choke on the stench!
You are more confused.
The deep elf mage burns!
The deep elf mage is engulfed in noxious fumes.
The deep elf mage hits you with a long sword of holy wrath.
* * * LOW HITPOINT WARNING * * *
You feel much better.
You are engulfed in noxious fumes.
You choke on the stench!
You are more confused.
The deep elf mage burns!
The deep elf mage is engulfed in noxious fumes.
The deep elf mage gestures at you while chanting.
The orb of energy hits you!
Ouch! That really hurt!
You die...

▓▓▓▓▓▓▓▓▓ ▓▓▓ ..+...♣.♣♣
♣.##### ..#......♣
♣♣.#___# ###......♣
♣..#!.§#
..#...÷≈.♣♣♣♣.###e#+###+
..#...≈≈♣.♣.♣.#.@§.......
.[#..≈≈≈≈♣.♣..')⌠........
#'#..≈≈≈≈≈≈♣♣.#...######+
..#.≈≈≈≈≈≈....#.⌠.#
..#.≈≈≈≈≈.....#...#
..#.≈≈≈.......#+###
###...........#..:#
..............#___#
▓▓▓▓▓▓▓▓▓▓▓▓▓▓▓▓▓▓▓


You could see a deep elf mage (burning).

Vanquished Creatures
  A water elemental (D)
  A wizard (D)
  Jessica (D)
  A human (D)
  A kobold demonologist (D)
  An ooze (D)
  A phantom (D)
  A rat (D)
8 creatures vanquished.

Vanquished Creatures (others)
  2 draconian scorchers (D)
  6 hellions (D)
  A yaktaur (D)
  2 plants (D)
11 creatures vanquished.

Grand Total: 19 creatures vanquished

Notes
Turn   | Place    | Note
-------+----------+-------------------------------------------
     0 | D        | Kidiri the Deep Elf Fire Elementalist began the quest for the Orb.
     0 | D        | Reached XP level 1. HP: 10/10 MP: 6/6
     8 | D        | Reached skill level 4 in Spellcasting
   122 | D        | Killed a yaktaur
   130 | D        | Killed a hellion
   130 | D        | Killed a hellion
   131 | D        | Killed a hellion
   132 | D        | Killed a hellion
   144 | D        | Noticed Jessica
   145 | D        | Killed a white draconian scorcher
   146 | D        | Killed Jessica
   146 | D        | Reached skill level 6 in Spellcasting
   146 | D        | Reached XP level 2. HP: 15/15 MP: 5/11
   146 | D        | Reached XP level 3. HP: 19/19 MP: 5/13
   146 | D        | Killed a white draconian scorcher
   150 | D        | Learned a level 2 spell: Throw Flame
   154 | D        | Learned a level 3 spell: Conjure Flame
   158 | D        | Learned a level 3 spell: Inner Flame
   192 | D        | Killed a hellion
   246 | D        | Gained mutation: You have a pair of small horns on your head. [potion of mutation]
   246 | D        | Gained mutation: Your flesh is heat resistant. (rF+) [potion of mutation]
   247 | D        | Lost mutation: You have a pair of small horns on your head. [potion of mutation]
   247 | D        | Lost mutation: Your flesh is heat resistant. (rF+) [potion of mutation]
   247 | D        | Gained mutation: You have a beak for a mouth. [potion of mutation]
   247 | D        | Gained mutation: You are weak. (Str -2) [potion of mutation]
   247 | D        | Gained mutation: You are clumsy. (Dex -2) [potion of mutation]
   247 | D        | Gained mutation: Your mind is acute. (Int +2) [potion of mutation]
   248 | D        | Lost mutation: You are clumsy. (Dex -2) [potion of mutation]
   248 | D        | Lost mutation: Your mind is acute. (Int +2) [potion of mutation]
   248 | D        | Gained mutation: You can translocate small distances at will. [potion of mutation]
   248 | D        | Gained mutation: You are very weak. (Str -4) [potion of mutation]
   248 | D        | Gained mutation: You are somewhat resistant to further mutation. [potion of mutation]
   249 | D        | Lost mutation: You are very weak. (Str -4) [potion of mutation]
   249 | D        | Lost mutation: You are somewhat resistant to further mutation. [potion of mutation]
   249 | D        | Gained mutation: Your flesh is cold resistant. (rC+) [potion of mutation]
   249 | D        | Gained mutation: Your flesh is very cold resistant. (rC++) [potion of mutation]
   250 | D        | Lost mutation: You have a beak for a mouth. [potion of mutation]
   250 | D        | Lost mutation: You are weak. (Str -2) [potion of mutation]
   250 | D        | Gained mutation: You have supernaturally acute eyesight. (SInv) [potion of mutation]
   263 | D        | Reached skill level 7 in Spellcasting
   263 | D        | Reached skill level 5 in Fire Magic
   289 | D        | Killed a hellion
   301 | D        | Noticed a water elemental
   304 | D        | Killed a water elemental
   304 | D        | Reached skill level 9 in Spellcasting
   304 | D        | Reached XP level 4. HP: 24/24 MP: 10/17
   310 | D        | Learned a level 4 spell: Sticky Flame
   349 | D        | Found a radiant altar of Vehumet.
   350 | D        | Found a deep blue altar of Sif Muna.
   350 | D        | Found an ancient bone altar of Kikubaaqudgha.
   350 | D        | Noticed a wizard
   353 | D        | Killed a wizard
   353 | D        | Reached skill level 5 in Conjurations
   353 | D        | Reached XP level 5. HP: 23/28 MP: 10/19
   354 | D        | Reached skill level 10 in Spellcasting
   375 | D        | Became a worshipper of Vehumet
   382 | D        | Learned a level 5 spell: Fireball
   386 | D        | Learned a level 3 spell: Mephitic Cloud
   414 | D        | Found a glowing silver altar of Zin.
   415 | D        | Found a glowing golden altar of the Shining One.
   415 | D        | Found a white marble altar of Elyvilon.
   415 | D        | Noticed a deep elf mage
   423 | D        | Killed from afar by a deep elf mage

Vault maps used:
D:        dungeon_sprint_mu

Skill      XL: |  1  2  3  4  5 |
---------------+----------------+-----
Spellcasting   | 6 9 10 | 10.0
Conjurations   | 3 4 5 |  5.5
Fire Magic     | 4 6 |  6.6
Dodging        | |  2.4
Stealth        | |  2.4

Action                   |  1- 3 |  4- 6 || total
-------------------------+-------+-------++-------
Melee: Dagger            |       |     1 ||     1
 Cast: Flame Tongue      |    14 |     1 ||    15
       Conjure Flame     |     1 |       ||     1
       Throw Flame       |     1 |       ||     1
       Sticky Flame      |       |     3 ||     3
       Mephitic Cloud    |       |     1 ||     1
  Use: Potion            |     5 |     1 ||     6
 Stab: Sleeping          |       |     1 ||     1
Dodge: Dodged            |       |     2 ||     2

Table legend:
 A = Spawn XP
 B = Non-spawn XP
 C = Spawn XP percentage of total XP
 D = Spawn monster count
 E = Non-spawn monster count
 F = Spawn count percentage of total count
 G = Total turns spent on level
                    A         B        C        D         E        F      G
               +---------+---------+-------+---------+---------+-------+---------
         Total |       0 |     222 |   0.0 |       0 |       8 |   0.0 |   423
               +---------+---------+-------+---------+---------+-------+---------
             D |       0 |     222 |   0.0 |       0 |       8 |   0.0 |   423
               +---------+---------+-------+---------+---------+-------+---------
